 Dungeon Crawl Stone Soup version 0.27.1-1-g398f81649c (webtiles) character file.

Game seed: 8589587590136576237

256454 ZARRMARR the Unseen (level 20, -8/138 HPs)
             Began as an Octopode Conjurer on Sept 10, 2021.
             Was a High Priest of Sif Muna.
             Succumbed to a death drake's dark miasma
             ... on level 4 of the Swamp on Sept 11, 2021.
             The game lasted 08:23:37 (82511 turns).

ZARRMARR the Unseen (Octopode Conjurer)            Turns: 82511, Time: 08:23:37

Health: -8/138     AC:  7    Str: 13    XL:     20   Next: 23%
Magic:  56/56      EV: 26    Int: 38    God:    Sif Muna [*****.]
Gold:   2878       SH: 11    Dex: 28    Spells: 33/47 levels left

rFire    + . .     SeeInvis +   E - +5 dagger "Bugu" {spect, Str+4 Int+3 Stlth+}
rCold    + . .     Faith    +   x - +4 buckler "Oxtas" {MP+9 Int+7}
rNeg     . . .     Spirit   .   O - +2 hat
rPois    .         Reflect  .   V - amulet of faith
rElec    +         Harm     .   c - ring of resist corrosion
rCorr    +         Rampage  .   r - +4 ring of protection
Will     +....                  v - ring "Fuwnij" {rElec rF+ Dex+10}
Stlth    ++++++++++             D - ring of see invisible
HPRegen  0.33/turn              J - ring of Wu Jian's Respect {Str+3 Dex+6}
MPRegen  0.35/turn              U - ring of protection from cold
                                M - ring of magical power
                                (no ring)

@: lethally poisoned (-8 -> -38), about to teleport, very slightly contaminated,
slowed, invisible, very slow
A: almost no armour, amphibious, 8 rings, camouflage 1, gelatinous body 1,
nimble swimmer 1, tentacles
}: 1/15 runes: gossamer
a: Renounce Religion, Channel Magic, Forget Spell, Divine Exegesis


You were on level 4 of the Swamp.
You worshipped Sif Muna.
Sif Muna was extremely pleased with you.
You visited 7 branches of the dungeon, and saw 33 of its levels.
You also visited: Gauntlet.

You collected 3659 gold pieces.
You spent 781 gold pieces at shops.

Inventory:

Hand Weapons
 y - the +7 dagger of the Poles {spect, rC+ Int+2}
   (You found it on level 2 of the Lair of Beasts)

   When its wielder attacks, the weapon's spirit leaps out and strikes again.
   The spirit shares a part of any damage it takes with its wielder.
   Int:       It affects your intelligence (+2).
   rC:        It protects you from cold.
 E - the +5 dagger "Bugu" (weapon) {spect, Str+4 Int+3 Stlth+}
   (You took it off an orc on level 12 of the Dungeon)

   When its wielder attacks, the weapon's spirit leaps out and strikes again.
   The spirit shares a part of any damage it takes with its wielder.
   Str:       It affects your strength (+4).
   Int:       It affects your intelligence (+3).
   Stlth:     It makes you more stealthy.
Missiles
 e - 3 throwing nets
 K - 4 curare-tipped darts (quivered)
Armour
 x - the +4 buckler "Oxtas" (worn) {MP+9 Int+7}
   (You bought it in a shop on level 2 of the Orcish Mines)

   Int:       It affects your intelligence (+7).
   MP:        It affects your magic capacity (+9).
 O - a +2 hat (worn)
Magical Staves
 o - a staff of poison
 I - a staff of fire
 S - a staff of death
Jewellery
 c - a ring of resist corrosion (left tentacle)
 i - a ring of ice
 r - a +4 ring of protection (right tentacle)
 t - a ring of wizardry
 v - the ring "Fuwnij" (on tentacle) {rElec rF+ Dex+10}
   (You found it on level 2 of the Lair of Beasts)

   [ring of protection from fire]

   Dex:       It affects your dexterity (+10).
   rF:        It protects you from fire.
   rElec:     It insulates you from electricity.
 A - a ring of flight
 D - a ring of see invisible (on tentacle)
 J - the ring of Wu Jian's Respect (on tentacle) {Str+3 Dex+6}
   (You found it in a Gauntlet)

   [ring of dexterity]

   Str:       It affects your strength (+3).
   Dex:       It affects your dexterity (+6).
 M - a ring of magical power (on tentacle)
 U - a ring of protection from cold (on tentacle)
 V - an amulet of faith (around mantle)
Wands
 a - a wand of mindburst (5)
 n - a wand of paralysis (34)
 p - a wand of flame (96)
 C - a wand of digging (23)
 T - a wand of polymorph (9)
Scrolls
 f - a scroll of teleportation
 h - 2 scrolls of fog
 s - 2 scrolls of vulnerability
 u - 2 scrolls of magic mapping
 z - 3 scrolls of immolation
 F - a scroll of identify
 L - a scroll of enchant armour
 Q - 2 scrolls of fear
 Y - 3 scrolls of amnesia
Potions
 d - 5 potions of brilliance
 g - 2 potions of might
 j - 5 potions of mutation
 k - 3 potions of magic
 l - a potion of haste
 q - 3 potions of cancellation
 w - 3 potions of lignification
 H - 2 potions of invisibility
 N - 4 potions of attraction
 R - 5 potions of ambrosia
 W - a potion of resistance
 Z - 2 potions of curing
Miscellaneous
 b - a phantom mirror
 B - a tin of tremorstones (2/2)
 G - a lightning rod (4/4)
 P - a phial of floods


   Skills:
 + Level 12.5 Fighting
 - Level 10.0 Short Blades
 + Level 12.6 Dodging
 + Level 17.1 Stealth
 - Level 4.0 Shields
 * Level 14.2 Spellcasting
 - Level 9.7 Conjurations
 - Level 1.7 Transmutations
 - Level 3.6 Earth Magic
 * Level 14.1 Poison Magic
 + Level 11.9 Invocations
 + Level 8.7 Evocations


You had 33 spell levels left.
You knew the following spells:

 Your Spells              Type           Power      Damage    Failure   Level
a - Magic Dart            Conj           100%       1d8       1%          1
b - Searing Ray           Conj           100%       3d7       1%          2
c - Stone Arrow           Conj/Erth      100%       3d13      1%          3
d - Poisonous Vapours     Pois/Air       100%       N/A       1%          2
e - Olgreb's Toxic Radia  Pois           94%        N/A       1%          4
f - Passwall              Tmut/Erth      39%        N/A       1%          2

Your spell library contained the following spells:

 Spells                   Type           Power      Damage    Failure   Level
 Beastly Appendage        Tmut           80%        N/A       1%          1
 Foxfire                  Conj/Fire      100%       2x1d9     1%          1
 Freeze                   Ice            100%       1d11      1%          1
 Sandblast                Erth           100%       2d20      1%          1
 Shock                    Conj/Air       100%       1d9       1%          1
 Sting                    Tmut/Pois      100%       1d8       1%          1
 Summon Small Mammal      Summ           100%       N/A       1%          1
 Call Imp                 Summ           27%        N/A       1%          2
 Corpse Rot               Necr/Air       N/A        N/A       1%          2
 Conjure Flame            Conj/Fire      59%        6-21      1%          3
 Dazzling Flash           Conj/Hex       100%       N/A       1%          3
 Mephitic Cloud           Conj/Pois/Air  72%        N/A       1%          3
 Fulminant Prism          Conj/Hex       29%        3d14      1%          4
 Hailstorm                Conj/Ice       59%        3d13      1%          4
 Iskenderun's Mystic Bla  Conj/Tloc      59%        2d12      1%          4
 Sticky Flame             Conj/Fire      59%        2d7       1%          4
 Irradiate                Conj/Tmut      31%        3d24      3%          5
 Call Canine Familiar     Summ           27%        N/A       4%          3
 Frozen Ramparts          Ice            54%        1d7       4%          3
 Inner Flame              Hex/Fire       27%        N/A       4%          3
 Portal Projectile        Hex/Tloc       54%        N/A       4%          3
 Swiftness                Air            27%        N/A       4%          3
 Vampiric Draining        Necr           13%        2d7       4%          3
 Fireball                 Conj/Fire      29%        3d13      4%          5
 Lightning Bolt           Conj/Air       29%        1d46      4%          5
 Leda's Liquefaction      Hex/Erth       20%        N/A       6%          4
 Bolt of Magma            Conj/Fire/Erth 28%        4d13      6%          5
 Eringya's Noxious Bog    Tmut/Pois      36%        N/A       8%          6
 Ice Form                 Ice/Tmut       33%        N/A       9%          4
 Lee's Rapid Deconstruct  Erth           26%        3d15*     9%          5
 Freezing Cloud           Conj/Ice/Air   25%        6-21      10%         5
 Airstrike                Air            13%        N/A       13%         4
 Animate Dead             Necr           13%        N/A       13%         4
 Dispel Undead            Necr           27%        3d13      13%         4
 Passage of Golubria      Tloc           N/A        N/A       13%         4
 Summon Ice Beast         Ice/Summ       27%        N/A       13%         4
 Iron Shot                Conj/Erth      33%        9d7       13%         6
 Blade Hands              Tmut           20%        N/A       17%         5
 Borgnjor's Vile Clutch   Necr/Erth      20%        N/A       17%         5
 Conjure Ball Lightning   Conj/Air       29%        3x3d8     26%         6
 Starburst                Conj/Fire      29%        6d9       26%         6
 Agony                    Necr           27%        N/A       36%         5
 Excruciating Wounds      Necr           13%        N/A       36%         5
 Summon Forest            Summ/Tloc      13%        N/A       36%         5
 Summon Mana Viper        Hex/Summ       27%        N/A       36%         5
 Death Channel            Necr           13%        N/A       90%         6
 Shadow Creatures         Summ           N/A        N/A       90%         6
 Simulacrum               Ice/Necr       13%        N/A       90%         6
 Lehudib's Crystal Spear  Conj/Erth      33%        10d9      99%         8
 Haunt                    Necr/Summ      13%        N/A       100%        7
 Ozocubu's Refrigeration  Ice            13%        4d7       100%        7
 Borgnjor's Revivificati  Necr           13%        N/A       100%        8
 Ignition                 Fire           13%        3d6       100%        8
 Infestation              Necr           13%        N/A       100%        8
 Summon Horrible Things   Summ           13%        N/A       100%        8
 Death's Door             Necr           13%        N/A       100%        9
 Animate Armour           Summ/Erth      Unusable   N/A       N/A         4

Dungeon Overview and Level Annotations

Branches:
Dungeon (15/15)            Temple (1/1) D:4            Lair (6/6) D:9
  Swamp (4/4) Lair:4       Spider (4/4) Lair:4        Slime (0/5) Lair:6
    Orc (2/2) D:12            Elf (0/3) Orc:2        Vaults (0/5) D:14
 Depths (1/5) D:15        Gauntlet (visited)

Altars:
Ashenzari
Cheibriados
Dithmenos
Elyvilon
Fedhas
Gozag
Hepliaklqana
Kikubaaqudgha
Makhleb
Nemelex Xobeh
Okawaru
Qazlal
Ru
Sif Muna
Trog
Uskayaw
Vehumet
Wu Jian
Xom
Yredelemnul
Zin
The Shining One
Jiyva

Shops:
D:7 *   D:14 *   Orc:1 *   Orc:2 **=*

Portals:
Abyss: Swamp:2

Annotations:
D:10 exclusion: 2 downstairs
D:13 exclusion: 2 downstairs
D:14 exclusion: downstairs
D:15 exclusion: downstairs
Lair:3 exclusion: 2 downstairs
Lair:5 exclusion: 2 downstairs
Swamp:2 2 transporters, Tsarbomb's ghost, journeyman HOMo
Spider:1 3 runed translucent doors, AttackTheMoon's ghost, journeyman GnWz
Orc:1 exclusion: downstairs
Orc:2 2 transporters, nxtlvl's ghost, journeyman TrAK


Innate Abilities, Weirdness & Mutations

You cannot wear most types of armour.
You are amphibious.
You can wear up to eight rings at the same time.
Your skin changes colour to match your surroundings (Stealth+).
Your rubbery body absorbs attacks. (AC +1, EV +1)
You are camouflaged near water. (Stealth+)
You have tentacles for arms and can constrict up to eight enemies at once.


Message History

You are more poisoned.
You block the swamp worm zombie's attack.
You release your grip on the swamp worm zombie. 2 phantoms, 2 ghost crabs and 2 bloated husks come into view.
You are engulfed in dark miasma.
You are more poisoned.
You feel extremely sick. The swamp worm zombie misses you.
The death drake breathes miasma at you. The foul vapour engulfs you!
You are more poisoned.
* * * LOW HITPOINT WARNING * * *
You feel better. The swamp worm zombie misses you.
The death drake breathes miasma at you. The foul vapour engulfs you!
You are poisoned.
* * * LOW HITPOINT WARNING * * *
Blink to where?
Press: ? - help, Dir - move target, p - death drake Floosh! 6 spectral things and 6 zombies come into view.
As you read the scroll of blinking, it crumbles to dust.
You feel very sick.
You fade into invisibility!
You feel very sick.
You are very lightly contaminated with residual magic.
As you read the scroll of teleportation, it crumbles to dust.
You feel strangely unstable.
You feel sick. The death drake breathes miasma at you.
The foul vapour engulfs you!
You are lethally poisoned!
* * * LOW HITPOINT WARNING * * *
The swamp dragon zombie closely misses you.
The swamp dragon zombie completely misses you.
The swamp dragon zombie tramples you but does no damage.
You feel better.
You are engulfed in dark miasma.
You are lethally poisoned!
You feel as though you will be slow longer.
* * * LOW HITPOINT WARNING * * *
You die...

#♣ ≈♣ Z## §#### ZZ.##
≈≈..### Z.Z.Z#
≈≈....### Z.Z..###
≈≈≈.○.○○## #.Z...#
≈≈≈#°.○..### ZZZ°##
≈≈##≈[.....## #°Z°##
≈#######....###°@°°##
≈# ###..≈###Z°≈.# ##
##≈...○.°≈≈# # .
##...○.≈≈##


nt. ####k≈≈## .n.W####.Z≈## Wt...°°#.≈## .....≈°.≈## .....°°°≈# You could see a
death drake (catching breath), a spectral six-headed hydra (dormant), a spectral
five-headed hydra (dormant), 4 spectral swamp dragons, a seven-headed hydra
zombie, 2 six-headed hydra zombies, a four-headed hydra zombie (dormant), a
swamp drake zombie (dormant), 3 swamp dragon zombies and a swamp worm zombie.

Vanquished Creatures
  A tentacled monstrosity (Swamp:4)
  A lich (D:15)
  Jorgrun (Orc:1)
  Gastronok (D:10)
  2 thorn hunters
  An orc warlord (Orc:1)
  A ghoul (Swamp:3)
  3 ghost moths
  5 emperor scorpions (Spider:4)
  A reaper (Gauntlet)
  A caustic shrike skeleton (D:15)
  2 stone giants (D:15)
  4 bunyips
  A minotaur (Gauntlet)
  4 entropy weavers
  3 eleionomae
  A green death (Gauntlet)
  A shambling mangrove (Swamp:3)
  A fire dragon (D:15)
  A great orb of eyes (Depths:1)
  An ice dragon (D:15)
  Erolcha (Orc:2)
  A rakshasa (D:15)
  5 boulder beetles
  3 ghost crabs
  16 hydras
  5 merfolk avatars
  6 ogre magi
  A deep troll shaman (Depths:1)
  6 centaur warriors
  A death knight (D:14)
  28 two-headed ogres
  5 death yaks (Lair:5)
  2 tengu warriors (D:14)
  A vampire mage (D:15)
  13 alligators
  3 spriggan berserkers
  Sonja (Lair:5)
  Urug (Lair:5)
  Nergalle (Lair:3)
  10 spriggans
  An iron troll (D:15)
  4 goliath frogs (Swamp:2)
  7 spriggan druids
  6 skeletal warriors
  3 deep trolls
  7 bog bodies
  4 sea snakes (Lair:6)
  3 swamp dragons (Swamp:3)
  A harpy (Lair:6)
  A deep elf pyromancer (D:13)
  2 lindwurms
  An orc knight (Orc:1)
  An orb spider (shapeshifter) (D:10)
  21 ugly things
  A necromancer (D:15)
  6 will-o-the-wisps
  23 wolf spiders
  14 orb spiders
  5 manticores
  2 cyclopes
  A salamander (shapeshifter) (D:15)
  Maurice (Orc:1)
  3 moths of wrath
  5 elephants
  3 large abominations (D:15)
  An orange demon (Gauntlet)
  3 torpor snails
  A gargoyle (D:14)
  5 black mambas
  10 cane toads
  2 unseen horrors (D:10)
  4 efreet
  12 demonic crawlers
  2 rime drakes (Lair:5)
  15 komodo dragons
  2 swamp worm zombies (Swamp:4)
  4 yaktaurs (D:14)
  3 tengu conjurers
  A guardian mummy (D:15)
  A queen bee (Gauntlet)
  A meliai (shapeshifter) (D:14)
  37 jumping spiders
  7 trolls
  A wolf spider simulacrum (D:15)
  A wind drake (Lair:6)
  2 bloated husks (Swamp:4)
  13 tyrant leeches
  6 polar bears
  4 slime creatures (D:13)
  9 hornets
  An ice dragon zombie (D:15)
  A meliai zombie (D:10)
  6 dream sheep
  A deep troll zombie (D:15)
  7 alligator zombies (Swamp:4)
  16 blink frogs
  A shadow (D:12)
  19 tarantellas
  A centaur simulacrum (D:14)
  A vampire (D:11)
  A wraith (D:11)
  69 redbacks
  4 wyverns
  25 yaks
  7 humans
  5 basilisks
  A steam dragon (Lair:6)
  10 vampire mosquitoes
  2 acid dragons
  7 wargs
  21 swamp worms
  Duvessa (D:7)
  A human zombie (D:15)
  12 water moccasins
  An ice beast (D:7)
  A swamp drake (Swamp:2)
  19 orc warriors
  A black bear (Lair:3)
  A necrophage (D:6)
  26 centaurs
  28 ogres
  3 phantoms
  3 kobold brigands
  A gnoll sergeant (D:10)
  14 bullfrogs
  4 scorpions
  A wyvern zombie (D:6)
  Dowan (D:7)
  A small abomination (D:15)
  3 killer bees (Gauntlet)
  18 wights
  2 howler monkeys
  A vampire bat (D:9)
  3 electric eels (Spider:2)
  7 centaur skeletons
  3 centaur zombies (D:10)
  A jelly (D:4)
  A bullfrog skeleton (D:7)
  9 orc priests
  A bullfrog zombie (D:7)
  5 hounds
  5 iguanas
  15 orc wizards
  A howler monkey zombie (D:9)
  A howler monkey skeleton (D:6)
  12 adders
  2 shadow imps
  3 worms (D:2)
  2 adder skeletons
  4 dart slugs
  77 orcs
  9 bats
  3 bat skeletons (D:9)
  3 bat zombies (D:9)
  7 endoplasms
  3 giant cockroaches
  13 goblins
  5 hobgoblins
  3 jackals (D:5)
  5 quokkas
  12 ball pythons
  2 frilled lizards (D:3)
  22 kobolds
  5 rats
1013 creatures vanquished.

Vanquished Creatures (others)
  A swamp dragon (Swamp:4)
  A bog body (Swamp:4)
  2 bloated husks
  2 briar patches (Swamp:3)
  A bush (Lair:5)
  8 foxfires
  64 fungi
  85 plants
  11 withered plants (D:15)
175 creatures vanquished.

Grand Total: 1188 creatures vanquished

Notes
Turn   | Place    | Note
-------+----------+-------------------------------------------
     0 | D:1      | ZARRMARR the Octopode Conjurer began the quest for the Orb.
     0 | D:1      | Reached XP level 1. HP: 11/11 MP: 3/3
   267 | D:1      | Reached XP level 2. HP: 17/17 MP: 3/5
   711 | D:1      | Reached XP level 3. HP: 22/22 MP: 2/6
   775 | D:1      | Reached skill level 3 in Stealth
  1413 | D:2      | Found a faded altar of an unknown god.
  1422 | D:2      | Got Plato's Tome of Transmigration
  1739 | D:2      | Reached skill level 1 in Fighting
  1739 | D:2      | Reached XP level 4. HP: 28/28 MP: 2/8
  2421 | D:3      | Found a blossoming altar of Fedhas.
  2687 | D:3      | Found a glowing silver altar of Zin.
  3378 | D:4      | Reached XP level 5. HP: 33/33 MP: 4/9
  3603 | D:4      | Reached skill level 5 in Conjurations
  3916 | D:4      | Learned a level 2 spell: Searing Ray
  3922 | D:4      | Reached XP level 6. HP: 39/39 MP: 6/11
  4219 | D:4      | Reached skill level 4 in Stealth
  4468 | D:4      | Found a staircase to the Ecumenical Temple.
  4473 | Temple   | Entered the Ecumenical Temple
  4675 | D:5      | Entered Level 5 of the Dungeon
  4865 | D:5      | Reached XP level 7. HP: 45/45 MP: 6/12
  5156 | D:5      | Found a shadowy altar of Dithmenos.
  5634 | D:5      | Noticed a two-headed ogre
  5821 | D:5      | Reached skill level 5 in Stealth
  6473 | D:6      | Noticed a human
  6473 | D:6      | Noticed a human
  6473 | D:6      | Noticed a human
  6473 | D:6      | Noticed a human
  6474 | D:6      | Noticed a human
  6575 | D:6      | Reached XP level 8. HP: 48/52 MP: 3/14
  6884 | D:6      | Reached skill level 5 in Spellcasting
  7019 | D:6      | Reached skill level 6 in Stealth
  7139 | D:6      | Found a broken altar of Ashenzari.
  7195 | D:6      | Reached XP level 9. HP: 31/58 MP: 9/17
  7557 | D:6      | Found a shimmering blue altar of Sif Muna.
  7561 | D:6      | Became a worshipper of Sif Muna the Loreminder
  7787 | D:7      | Noticed Duvessa
  7849 | D:7      | Found Gexiunuygh's CLEARANCE SALE! EVERYTHING MUST GO!.
  8006 | D:7      | Learned a level 3 spell: Stone Arrow
  8146 | D:7      | Noticed Dowan
  8166 | D:7      | Reached skill level 5 in Dodging
  8166 | D:7      | Reached skill level 7 in Stealth
  8329 | D:5      | Killed a two-headed ogre
  8626 | D:8      | Reached * piety under Sif Muna
  8935 | D:8      | Reached skill level 5 in Fighting
  8940 | D:8      | Reached XP level 10. HP: 66/66 MP: 5/20
  9348 | D:8      | Reached skill level 8 in Stealth
 10362 | D:9      | Noticed a two-headed ogre
 10778 | D:9      | Found a sacrificial altar of Ru.
 10806 | D:10     | Entered Level 10 of the Dungeon
 10812 | D:10     | Noticed a two-headed ogre
 10925 | D:6      | Found a broken altar of Ashenzari.
 10928 | D:6      | Found a shimmering blue altar of Sif Muna.
 11247 | D:6      | Found a broken altar of Ashenzari.
 11250 | D:6      | Found a shimmering blue altar of Sif Muna.
 12288 | D:7      | Killed Duvessa
 12291 | D:7      | Killed Dowan
 13085 | D:9      | Killed a two-headed ogre
 13086 | D:9      | Reached skill level 1 in Earth Magic
 13318 | D:9      | Learned a level 2 spell: Poisonous Vapours
 13460 | D:9      | Found an ancient bone altar of Kikubaaqudgha.
 13596 | D:9      | Found a staircase to the Lair.
 13621 | D:9      | Found a hazy altar of Hepliaklqana.
 13655 | D:9      | Reached skill level 1 in Poison Magic
 14051 | D:9      | Reached skill level 9 in Stealth
 14291 | D:9      | Found an opulent altar of Gozag.
 14427 | D:10     | Noticed a two-headed ogre
 14430 | D:10     | Noticed an orb spider
 14434 | D:10     | Killed a two-headed ogre
 14435 | D:10     | Reached XP level 11. HP: 72/72 MP: 13/23
 14436 | D:10     | Killed an orb spider
 14584 | Lair:1   | Entered Level 1 of the Lair of Beasts
 16293 | Lair:1   | Reached skill level 5 in Poison Magic
 16394 | Lair:1   | Reached skill level 1 in Invocations
 16851 | Lair:2   | Noticed a lindwurm
 16916 | D:10     | Noticed a two-headed ogre
 16917 | D:10     | Noticed a two-headed ogre
 17127 | D:10     | Reached ** piety under Sif Muna
 17141 | D:10     | Reached skill level 10 in Stealth
 17231 | D:10     | Killed a two-headed ogre
 17593 | D:10     | Reached XP level 12. HP: 81/81 MP: 18/25
 17647 | D:10     | Noticed Gastronok
 18174 | Lair:2   | Identified the ring "Fuwnij" {rElec rF+ Dex+10}
 18255 | Lair:2   | Identified the +7 dagger of the Poles {spect, rC+ Int+2}
 18810 | Lair:2   | Reached skill level 1 in Short Blades
 19019 | Lair:3   | Noticed a five-headed hydra
 19026 | Lair:3   | Noticed a four-headed hydra
 19031 | Lair:3   | Killed a five-headed hydra
 19038 | Lair:3   | Killed a four-headed hydra
 19123 | Lair:3   | Found a gate leading to a gauntlet.
 19137 | Gauntlet | Entered a Gauntlet
 19137 | Gauntlet | Found a transporter.
 19137 | Gauntlet | Found a transporter.
 19167 | Gauntlet | Found a transporter.
 19169 | Gauntlet | Found a transporter.
 19174 | Gauntlet | Found a transporter.
 19181 | Gauntlet | Found a transporter.
 19191 | Gauntlet | Found a transporter.
 19191 | Gauntlet | Found a transporter.
 19191 | Gauntlet | Noticed a reaper
 19215 | Gauntlet | Found a transporter.
 19224 | Gauntlet | Found a transporter.
 19238 | Gauntlet | Found a transporter.
 19256 | Gauntlet | Found a transporter.
 19302 | Gauntlet | Found a transporter.
 19316 | Gauntlet | Found a transporter.
 19420 | Gauntlet | Found a transporter.
 19428 | Gauntlet | Noticed a green death
 19438 | Gauntlet | Found a transporter.
 19528 | Gauntlet | Learned a level 4 spell: Olgreb's Toxic Radiance
 19698 | Gauntlet | Noticed a bunyip
 19714 | Gauntlet | Noticed an ettin
 19722 | Gauntlet | Noticed a spark wasp
 19722 | Gauntlet | an ettin changed into a spark wasp
 19736 | Gauntlet | Killed a green death
 19743 | Gauntlet | Reached skill level 11 in Stealth
 19940 | Gauntlet | Killed a reaper
 19968 | Gauntlet | Identified the ring of Wu Jian's Respect {Str+3 Dex+6}
 20221 | Gauntlet | Noticed a minotaur
 20229 | Gauntlet | Killed a minotaur
 20322 | Gauntlet | Identified the +6 quarterstaff of Pandemonium {spect, rC+}
 20374 | Lair:3   | Reached skill level 5 in Short Blades
 20655 | Lair:3   | Noticed a seven-headed hydra
 20678 | Lair:3   | Reached skill level 5 in Invocations
 20739 | Lair:3   | Noticed Nergalle
 20740 | Lair:3   | Killed a seven-headed hydra
 20922 | D:10     | Killed a two-headed ogre
 20923 | D:10     | Reached XP level 13. HP: 88/88 MP: 4/26
 21239 | D:10     | Killed Gastronok
 21503 | D:10     | Reached skill level 12 in Stealth
 22809 | D:11     | Reached *** piety under Sif Muna
 23700 | D:12     | Found a staircase to the Orcish Mines.
 24284 | D:12     | Identified the +5 dagger "Bugu" {spect, Str+4 Int+3 Stlth+}
 26809 | D:13     | Reached **** piety under Sif Muna
 28238 | D:14     | Found Norch's General Store.
 28473 | D:14     | Reached XP level 14. HP: 97/97 MP: 17/27
 29087 | Lair:3   | Reached skill level 13 in Stealth
 29402 | Lair:3   | Killed Nergalle
 31052 | Lair:4   | Found a hole to the Spider Nest.
 31935 | Lair:4   | Reached skill level 1 in Shields
 32299 | Lair:4   | Found a staircase to the Swamp.
 32901 | Lair:5   | Identified the +1 robe of the Inquisitive Seers {rPois
                  | Int+2}
 33109 | Lair:5   | Reached skill level 10 in Dodging
 33775 | Lair:5   | Noticed Sonja
 34944 | Lair:5   | Killed Sonja
 35346 | Lair:6   | Entered Level 6 of the Lair of Beasts
 35358 | Lair:6   | Reached skill level 10 in Short Blades
 35360 | Lair:6   | Reached skill level 10 in Fighting
 35484 | Lair:6   | Noticed Urug
 35499 | Lair:5   | Killed Urug
 36082 | Lair:6   | Reached ***** piety under Sif Muna
 36082 | Lair:6   | Received a gift from Sif Muna
 36083 | Lair:6   | Got Sif Muna's Further Steps in Sorcery {god gift}
 36919 | Lair:6   | Reached XP level 15. HP: 97/103 MP: 3/28
 37342 | Lair:6   | Found a staircase to the Slime Pits.
 37343 | Lair:6   | Found a viscous altar of Jiyva.
 37796 | Lair:6   | Reached skill level 14 in Stealth
 37976 | Lair:6   | Reached skill level 1 in Evocations
 39024 | Orc:1    | Entered Level 1 of the Orcish Mines
 39245 | Orc:1    | Noticed Jorgrun
 39792 | D:14     | Reached skill level 10 in Spellcasting
 41516 | D:14     | Found a gate to the Vaults.
 42974 | D:14     | Found a gate to the Vaults.
 43105 | D:14     | Found Norch's General Store.
 44272 | D:14     | Found Norch's General Store.
 44813 | D:14     | Found a gate to the Vaults.
 45068 | D:14     | Found Norch's General Store.
 45438 | D:14     | Found a gate to the Vaults.
 45898 | D:14     | Found Norch's General Store.
 46166 | D:14     | Found a gate to the Vaults.
 46325 | D:15     | Entered Level 15 of the Dungeon
 46767 | D:15     | Found a staircase to the Depths.
 48532 | D:15     | Reached XP level 16. HP: 111/111 MP: 30/30
 48713 | Orc:1    | Killed Jorgrun
 49060 | Orc:1    | Found Dieqosm's General Store.
 49517 | Orc:1    | Noticed Maurice
 49530 | Orc:1    | Killed Maurice
 49862 | Orc:2    | Entered Level 2 of the Orcish Mines
 50089 | Orc:2    | Found a staircase to the Elven Halls.
 50263 | Orc:2    | Found Xibium's Jewellery Shop.
 50263 | Orc:2    | Found Okloufon's General Store.
 50263 | Orc:2    | Found Pigynaom's General Store.
 50263 | Orc:2    | Found Zan Vei's Assorted Antiques.
 50275 | Orc:2    | Paralysed by an ogre mage for 2 turns
 50447 | Orc:2    | Noticed Erolcha
 50457 | Orc:2    | Received a gift from Sif Muna
 50463 | Orc:2    | Reached skill level 15 in Stealth
 50690 | Orc:2    | Paralysed by an ogre mage for 6 turns
 50804 | Orc:1    | Reached skill level 10 in Poison Magic
 51528 | Orc:2    | Reached skill level 5 in Evocations
 51644 | Orc:2    | Killed Erolcha
 51646 | Orc:2    | Reached skill level 10 in Invocations
 51977 | Orc:2    | Got Sif Muna's Almanac of Torrid Illusion {god gift}
 52139 | Orc:2    | Found a transporter.
 52160 | Orc:2    | Found a transporter.
 52164 | Orc:2    | Noticed nxtlvl's ghost (journeyman TrAK)
 52810 | Orc:2    | Bought the +4 buckler "Oxtas" {MP+9 Int+7} for 781 gold
                  | pieces
 53469 | Spider:1 | Entered Level 1 of the Spider Nest
 54004 | Spider:1 | Found a runed translucent gate.
 54157 | Spider:1 | Found a runed translucent gate.
 54157 | Spider:1 | Found a runed translucent gate.
 54176 | Spider:1 | Received a gift from Sif Muna
 54177 | Spider:1 | Got Sif Muna's Volume of Evil {god gift}
 55443 | Spider:1 | Noticed AttackTheMoon's ghost (journeyman GnWz)
 57645 | Spider:1 | Reached XP level 17. HP: 83/117 MP: 27/32
 59304 | Spider:2 | Received a gift from Sif Muna
 59305 | Spider:2 | Got Sif Muna's Disquisition on the Birds and Necromancy
                  | {god gift}
 61910 | Spider:3 | Identified a scroll of acquirement
 61918 | Spider:3 | Acquired 768 gold pieces
 62668 | Spider:4 | Entered Level 4 of the Spider Nest
 64667 | Spider:4 | Reached skill level 16 in Stealth
 65248 | Spider:4 | Learned a level 2 spell: Passwall
 65918 | Spider:4 | Reached skill level 1 in Transmutations
 66480 | Spider:4 | Received a gift from Sif Muna
 66481 | Spider:4 | Got Sif Muna's Volume of Conjuration {god gift}
 66880 | Spider:4 | Got a gossamer rune of Zot
 67028 | Swamp:1  | Entered Level 1 of the Swamp
 67462 | D:15     | Found a staircase to the Depths.
 67723 | D:15     | Reached XP level 18. HP: 105/125 MP: 24/34
 67828 | Depths:1 | Entered Level 1 of the Depths
 68670 | D:15     | Found a staircase to the Depths.
 69170 | D:15     | Found a staircase to the Depths.
 69309 | Depths:1 | Noticed a lich
 70320 | D:15     | Killed a lich
 72632 | D:15     | Found a staircase to the Depths.
 73223 | D:15     | Found a staircase to the Depths.
 75708 | Swamp:2  | Found a transporter.
 75830 | Swamp:2  | Found a transporter.
 75979 | Swamp:2  | Found a one-way gate to the infinite horrors of the Abyss.
 75979 | Swamp:2  | Noticed Tsarbomb's ghost (journeyman HOMo)
 76067 | Swamp:2  | Received a gift from Sif Muna
 76068 | Swamp:2  | Got Sif Muna's Tome of Conjuration and Transformation {god
                  | gift}
 78499 | Swamp:3  | Reached XP level 19. HP: 131/131 MP: 36/36
 79185 | Swamp:3  | Identified the +3 leather armour of Minor Irritation
                  | {Rampage +Blink rF+}
 79292 | Swamp:3  | Received a gift from Sif Muna
 79687 | Swamp:3  | Got Sif Muna's Reference Book on Black Rituals {god gift}
 79928 | Swamp:4  | Entered Level 4 of the Swamp
 80206 | Swamp:4  | Reached XP level 20. HP: 138/138 MP: 38/38
 80779 | Swamp:4  | Reached skill level 17 in Stealth
 82510 | Swamp:4  | HP: 6/138 [death drake/foul vapour (13)]
 82511 | Swamp:4  | HP: 2/138 [death drake] (12)]
 82511 | Swamp:4  | Succumbed to a death drake's dark miasma

Illustrated notes

Levels and vault maps discovered:
D:1:      lightli_arrival_chessboard, layout_basic
D:2:      layout_basic, shapermc_ecumenical_altar_rom_forum, serial_park_tiny_1,
          minmay_between
D:3:      layout_loops_ring, mainiacjoe_overflow_paths,
          mainiacjoe_overflow_surrounded_room
D:4:      layout_basic, temple_doors_ab
D:5:      layout_basic, nicolae_dithmenos_the_darkroom, grunt_ministairs_5,
          roderic_lattice_a, minivault_25
D:6:      layout_rooms, mainiacjoe_overflow_big_doors, minmay_ruffians
D:7:      layout_loops_cross, nrook_loot_triangle, nicolae_shop_clearance,
          uniq_duvessa
D:8:      layout_basic, minmay_tree_intersection
D:9:      layout_gridville, old_standard_altar, kennysheep_vampire_church,
          mainiacjoe_overflow_24_doors, general_overflow_altar, lair_entry_dummy
D:10:     layout_gridville, serial_glass, glass_columns_b, glass_columns_a,
          minmay_alternating_orb, uniq_gastronok
D:11:     layout_gridville, minmay_misc_feat_roman
D:12:     layout_basic, erik_orc_4
D:13:     layout_cave_pods, item_on_display_b
D:14:     layout_gridville, hangedman_vaults_entry_quadrant_bands, serial_shops,
          nicolae_shop_temple_entry_statues_fountains, st_stairs_1,
          minmay_increasing_density
D:15:     gammafunk_depths_entry_grave, layout_basic
Temple:   cyrus_circular_temple
Lair:1:   layout_chaotic_city, lemuel_fruit_tree, grunt_megastairs_2
Lair:2:   layout_long_grid
Lair:3:   layout_cave_pods, gauntlet_entry_generic, small_statue_intersection,
          uniq_nergalle
Lair:4:   layout_layer_cave, palyth_hydra_swamp_entry,
          nicolae_spider_entry_orb_guardian, grunt_megastairs_3
Lair:5:   layout_long_grid, st_stairs_4, infiniplex_staircase_pool_2, uniq_sonja
Lair:6:   gammafunk_lair_ancient_temple, layout_concentric_octagons,
          slime_altar_1, uniq_urug
Swamp:1:  layout_basic_swamp, nicolae_swamp_round_clearing,
          nicolae_swamp_little_swirl
Swamp:2:  layout_falls_marsh, gammafunk_ghost_abyssal_escape,
          nicolae_swamp_little_tower, grunt_lady_of_the_lake
Swamp:3:  layout_basic_swamp, serial_swamp_ruin, evilmike_swamp_ruin_rubble_1,
          evilmike_swamp_ruin_house_4, evilmike_swamp_ruin_wall
Swamp:4:  swamp_pestilence, layout_basic_swamp, swamp_pool2, uniq_bai_suzhen
Spider:1: layout_spider_delve, gammafunk_ghost_necromancy
Spider:2: layout_spider_delve
Spider:3: nicolae_spider_hilbert_zone_4 [nicolae_spider_hilbert_4_sides_2_open,
          nicolae_spider_hilbert_4_sides_1_open,
          nicolae_spider_hilbert_4_sides_1_open,
          nicolae_spider_hilbert_4_sides_1_open,
          nicolae_spider_hilbert_4_sides_1_open,
          nicolae_spider_hilbert_2_sides_1_open,
          nicolae_spider_hilbert_2_sides_1_open,
          nicolae_spider_hilbert_2_sides_1_open,
          nicolae_spider_hilbert_2_sides_1_open,
          nicolae_spider_hilbert_6_sides_1_open,
          nicolae_spider_hilbert_6_sides_1_open,
          nicolae_spider_hilbert_3_sides_1_open,
          nicolae_spider_hilbert_3_sides_1_open]
Spider:4: grunt_spider_rune_circles
Orc:1:    layout_caves, serial_shops,
          nicolae_shop_temple_entry_statues_fountains, uniq_maurice,
          uniq_jorgrun
Orc:2:    st_orc_ogre_mass, layout_caves, gammafunk_ghost_arena, uniq_erolcha
Depths:1: layout_cave_shapes, hangedman_tar_grid_catacomb,
          chequers_serial_rivers_large_a, minmay_room_of_horrors,
          minmay_acid_items

Skill      XL: |  1  2  3  4  5  6  7  8  9 10 11 12 13 14 15 16 17 18 19 20 |
---------------+-------------------------------------------------------------+-----
Stealth        | 3 4 5 6 7 9 10 11 12 13 14 15 16 17 | 17.1
Fighting       | 1 2 3 4 5 6 7 8 9 10 11 12 | 12.5
Spellcasting   | 3 4 5 6 8 9 10 11 12 13 14 | 14.2
Conjurations   | 5 6 7 8 9 |  9.7
Dodging        | 3 4 5 6 7 8 9 10 11 12 | 12.6
Earth Magic    | 1 2 3 |  3.6
Poison Magic   | 3 6 9 11 12 13 14 | 14.1
Invocations    | 2 5 7 8 9 10 11 | 11.9
Short Blades   | 5 8 10 | 10.0
Shields        | 4 |  4.0
Evocations     | 4 5 7 8 |  8.7
Transmutations | 1 |  1.7

Action                   |  1- 3 |  4- 6 |  7- 9 | 10-12 | 13-15 | 16-18 | 19-21 || total
-------------------------+-------+-------+-------+-------+-------+-------+-------++-------
Melee: Constrict         |     3 |     2 |       |     1 |    10 |    26 |     5 ||    47
       Tentacles         |     3 |     1 |       |     1 |    21 |    56 |    61 ||   143
       Unarmed           |     1 |       |       |       |       |       |       ||     1
       Dagger            |     8 |    13 |     1 |    12 |    71 |   189 |   142 ||   436
       Staff             |       |       |       |       |       |    32 |       ||    32
Throw: Dart              |       |       |       |     4 |     4 |    10 |       ||    18
 Cast: Magic Dart        |    87 |    99 |    53 |   108 |   147 |   110 |    51 ||   655
       Searing Ray       |       |    15 |    43 |    14 |    37 |    17 |     2 ||   128
       Stone Arrow       |       |       |    23 |   253 |   567 |   559 |   134 ||  1536
       Poisonous Vapours |       |       |       |    17 |    55 |   156 |     3 ||   231
       Olgreb's Toxic Ra |       |       |       |       |    10 |   101 |     4 ||   115
Invok: Channel Magic     |       |       |       |     2 |     6 |     8 |       ||    16
Evoke: Wand              |       |       |    24 |    25 |    33 |    50 |    18 ||   150
       Phantom mirror    |       |       |       |     1 |       |     1 |       ||     2
       Phial of floods   |       |       |       |       |     1 |     2 |       ||     3
       Tin of tremorston |       |       |       |       |       |     1 |       ||     1
       Lightning rod     |       |       |       |       |       |     4 |       ||     4
  Use: Scroll            |     1 |     6 |     1 |     6 |    19 |    29 |     4 ||    66
       Potion            |       |     3 |       |     4 |     3 |    14 |     3 ||    27
 Stab: Sleeping          |       |     5 |     1 |     5 |    26 |    36 |     7 ||    80
       Invisible         |       |       |       |     1 |       |       |       ||     1
       Distracted        |       |       |       |       |     3 |     6 |     8 ||    17
Armor: Skin              |       |     1 |     1 |     5 |    41 |    85 |    12 ||   145
Dodge: Dodged            |     4 |    13 |    18 |    76 |   269 |   507 |    75 ||   962
Block: Buckler           |       |       |       |       |    67 |   326 |    46 ||   439
